 Dungeon Crawl Stone Soup version 0.30-a0-322-g102857c98e (webtiles) character file.

Game seed: 6171518547865710475

17 lunkers the Cutter (level 3, -5/29 HPs)
             Began as a Meteoran Reaver on Oct 27, 2022.
             Slain by a gnoll
             ... wielding a +0 club
              (7 damage)
             ... on level 1 of the Dungeon.
             The game lasted 00:01:34 (521 turns).

lunkers the Cutter (Meteoran Reaver)                 Turns: 521, Time: 00:01:34

Health: -5/29      AC:  3    Str: 13    XL:     3   Next: 2%
Magic:  8/8        EV: 12    Int: 17    God:
Gold:   38         SH:  0    Dex: 12    Spells: 6/7 levels left

rFire   . . .      SeeInvis .      - Unarmed
rCold   . . .      Faith    .    (no shield)
rNeg    . . .      Spirit   .    b - +0 leather armour
rPois   .          Reflect  .    (no helmet)
rElec   .          Harm     .    (no cloak)
rCorr   .          Rampage  .    (no gloves)
Will    .....                    (no boots)
Stlth   +.........               (no amulet)
HPRegen 0.24/turn                (no ring)
MPRegen 0.11/turn                (no ring)

@: glowing
A: sense surroundings 1, otherworldly, glowing, explore regen
a: no special abilities


You were on level 1 of the Dungeon.
You visited 1 branch of the dungeon, and saw 2 of its levels.

You collected 38 gold pieces.

Inventory:

Hand Weapons
 a - a +0 short sword
Armour
 b - a +0 leather armour (worn)
 g - a +0 chain mail
Scrolls
 e - a scroll of identify {unknown}
 f - a scroll of enchant armour {unknown}
Potions
 c - a potion of curing {unknown}
 d - a potion of heal wounds {unknown}


   Skills:
 - Level 2.1 Fighting
 - Level 4.0 Short Blades
 - Level 2.4 Dodging
 * Level 1.2 Unarmed Combat
 - Level 2.6 Spellcasting
 - Level 3.6 Conjurations


You had 6 spell levels left.
You knew the following spells:

 Your Spells              Type           Power      Damage    Failure   Level
p - Kiss of Death         Conj/Necr      32%        2d7       11%         1

Your spell library contained the following spells:

 Spells                   Type           Power      Damage    Failure   Level
 Magic Dart               Conj           56%        1d5       5%          1
 Momentum Strike          Conj/Tloc      16%        3d8       17%         2
 Hailstorm                Conj/Ice       8%         3d4       32%         3
 Blink                    Tloc           4%         N/A       34%         2
 Call Imp                 Summ           2%         N/A       34%         2
 Mephitic Cloud           Conj/Pois/Air  6%         N/A       38%         3
 Manifold Assault         Tloc           2%         N/A       92%         4
 Storm Form               Tmut/Air       1%         N/A       100%        7


Dungeon Overview and Level Annotations

Branches:
Dungeon (2/15) Zot: 691

Altars:


Innate Abilities, Weirdness & Mutations

You passively map a small area around you.
You are easily found by Zot.
You glow in the dark.
You regain HP and MP as you explore.


Message History

The gnoll attacks as you move away! The gnoll closely misses you.
A frilled lizard and a goblin come into view.
The goblin is wielding a +0 dagger of venom.
The frilled lizard hisses angrily.
The goblin shouts!
Found a scroll labelled ACIYPNUE GIRY.
The gnoll attacks as you move away! The gnoll hits you with a +0 club.
* * * LOW HITPOINT WARNING * * *
The gnoll attacks as you move away! The gnoll barely misses you.
The gnoll attacks as you move away! The gnoll hits you with a +0 club.
* * * LOW HITPOINT WARNING * * *
The gnoll attacks as you move away! The gnoll hits you but does no damage.
There is a stone staircase leading up here.
The gnoll hits you but does no damage.
You climb upwards.
There is a stone staircase leading down here.
You closely miss the gnoll.
The gnoll is heavily wounded.
The gnoll closely misses you.
You barely miss the gnoll.
The gnoll is heavily wounded.
The gnoll misses you.
You barely miss the gnoll.
The gnoll is heavily wounded.
The gnoll closely misses you.
Unknown command.
You closely miss the gnoll.
The gnoll is heavily wounded.
The gnoll hits you with a +0 club.
* * * LOW HITPOINT WARNING * * *
You hit the gnoll but do no damage.
The gnoll is heavily wounded.
The gnoll closely misses you.
You barely miss the gnoll.
The gnoll is heavily wounded.
The gnoll hits you with a +0 club.
* * * LOW HITPOINT WARNING * * *
You hit the gnoll.
The gnoll is severely wounded.
The gnoll hits you with a +0 club!
You die...

.....### #.# #.# .....'.# #.#
#.# .....#.##########.# #.#
######.#........#.#####.########
#.#.######.#..............#
#.#.# #.#######.######## #.#.#
#.........#
######.#.################
...............g@#
###.##.#.#######+# #.##...# ,
#.###..# , #.# #.÷# , ,
#####÷.#### , #........#** *
#.######.# #...##...#,


You could see a gnoll.

Vanquished Creatures
  2 endoplasms
  2 giant cockroaches (D:1)
  A goblin (D:1)
  A hobgoblin (D:1)
  2 kobolds (D:1)
  2 ball pythons
  A bat (D:1)
  A frilled lizard (D:1)
  5 rats (D:1)
17 creatures vanquished.

Notes
Turn   | Place    | Note
-------+----------+-------------------------------------------
     0 | D:1      | lunkers the Meteoran Reaver began the quest for the Orb.
     0 | D:1      | Reached XP level 1. HP: 17/17 MP: 5/5
   115 | D:1      | Reached XP level 2. HP: 22/24 MP: 6/6
   159 | D:1      | Reached skill level 4 in Short Blades
   288 | D:1      | Reached skill level 1 in Unarmed Combat
   461 | D:2      | Reached XP level 3. HP: 27/29 MP: 8/8
   520 | D:1      | HP: 1/29 [gnoll/+0 club (2)]
   521 | D:1      | Slain by a gnoll

Illustrated notes

Levels and vault maps discovered:
D:1:      lightli_arrival_lavapool, layout_basic, bh_walls_and_bars
D:2:      layout_loops_ring

Skill      XL: |  1  2 |
---------------+-------+-----
Short Blades   | 4 |  4.0
Unarmed Combat | 1 |  1.2
Fighting       | |  2.1
Dodging        | |  2.4
Spellcasting   | |  2.6
Conjurations   | |  3.6

Action                   || total
-------------------------++-------
Melee: Short sword       ||    66
       Unarmed           ||    15
       Punch             ||     1
Armor: Leather armour    ||    15
Dodge: Dodged            ||    37

Table legend: (Time is in decaauts)
 A = Elapsed time spent in this place.
 B = Non-inter-level travel time spent in this place.
 C = Inter-level travel time spent in this place.
 D = Time resting spent in this place.
 E = Time spent auto-exploring this place.
 F = Levels seen in this place.
 G = Mean time per level.
                   A        B        C        D        E       F      G
               +--------+--------+--------+--------+--------+-----+--------+
         Total |    507 |    499 |      8 |      0 |    354 |   2 |  253.5 |
       Dungeon |    507 |    499 |      8 |      0 |    354 |   2 |  253.5 |
               +--------+--------+--------+--------+--------+-----+--------+

Top non-repeatable levels by time:
     D:1: 402 daAuts
     D:2: 104 daAuts
